 Dungeon Crawl Stone Soup version 0.23-a0-643-g9ccc95a (webtiles) character file.

1527 wazuzu the Basher (level 8, 0/88 HPs)
             Began as an Ogre Berserker on Dec 31, 2018.
             Was a Priest of Trog.
             Slain by a wyvern skeleton (7 damage)
             ... on level 6 of the Dungeon.
             The game lasted 00:10:38 (5984 turns).

wazuzu the Basher (Ogre Berserker)                  Turns: 5984, Time: 00:10:39

Health: 0/88       AC:  4    Str: 24    XL:     8   Next: 85%
Magic:  8/8        EV: 10    Int: 12    God:    Trog [***...]
Gold:   244        SH:  0    Dex:  8    Spells: 7/7 levels left

rFire    + . .     SeeInvis .   a - +0 giant club
rCold    . . .     Gourm    .   (shield currently unavailable)
rNeg     . . .     Faith    .   q - +0 animal skin
rPois    .         Spirit   .   (helmet restricted)
rElec    .         Reflect  .   x - +0 cloak
rCorr    .         Harm     .   (gloves unavailable)
MR       .....                  (boots unavailable)
Stlth    +.........             (no amulet)
HPRegen  0.24/turn              j - +4 ring of intelligence
MPRegen  0.11/turn              n - ring of protection from fire

@: berserk cooldown, slowed, very slow
A: large, unfitting armour, tough skin 1
a: Berserk, Trog's Hand, Renounce Religion


You were on level 6 of the Dungeon.
You worshipped Trog.
Trog was most pleased with you.
You were very hungry.

You visited 1 branch of the dungeon, and saw 6 of its levels.

You collected 244 gold pieces.

Inventory:

Hand Weapons
 a - a +0 giant club (weapon)
 b - a +0 hunting sling
Missiles
 e - 190 stones (quivered)
 r - 22 sling bullets
Armour
 q - a +0 animal skin (worn)
 x - a +0 cloak (worn)
Jewellery
 j - a +4 ring of intelligence (left hand)
 n - a ring of protection from fire (right hand)
Wands
 t - a wand of polymorph (8)
Scrolls
 h - 3 scrolls of teleportation
 l - a scroll of blinking
 m - a scroll of enchant weapon {unknown}
Potions
 d - 2 potions of curing
 f - 2 potions of degeneration
 i - a potion of cancellation {unknown}
 k - a potion of haste
 o - a potion of heal wounds {unknown}
 u - 3 potions of brilliance
 v - a potion of resistance {unknown}
Comestibles
 c - 6 rations
 g - 4 chunks of flesh


   Skills:
 * Level 8.2 Fighting
 + Level 8.9 Maces & Flails
 - Level 2.6 Dodging


You had 7 spell levels left.
You didn't know any spells.
Your spell library was empty.

Dungeon Overview and Level Annotations

Branches:
Dungeon (6/15)
 Temple: D:4-7

Altars:
Elyvilon
Qazlal
Uskayaw
Yredelemnul
Zin


Innate Abilities, Weirdness & Mutations

You are too large for most types of armour.
You have tough skin. (AC +1)


Message History

You miss something!
The wyvern skeleton bites you!!! * * * don't die
* * * You shatter the wyvern skeleton into splinters!!!
The wyvern skeleton is moderately damaged!
The wyvern skeleton misses you! The orc closely misses you!
Something hits you! * * * don't die
* * * Something shocks you! * * * don't die
* * * You completely miss the orc!
You are no longer berserk!
Trog's vigour flows through your veins!
You are exhausted!
You feel yourself slow down! The wyvern skeleton barely misses you!
The orc hits you with a +0 club! * * * don't die
* * * A sky beast appears from thin air!!!
Reactivating autopickup!
The sky beast barely misses you! The wyvern skeleton bites you!!! rip

...............
#..............
##............
#.?..<.......
##.........(#
............# #####
#......ยง....# ##...##
......)ZY...# ##.....##
###....o@..## #.......#
##......)# #.......#
#######(####.......#
##.......<...#
#.(.####.....##
#.#.#.........#
####.#.#.#...PP.####
##....#...#...#_._P_#
..##..###..).##.#PP.....


You could see a sky beast, an orc and a wyvern skeleton.

Vanquished Creatures
  Sigmund (D:3)
  Eustachio (D:6)
  A water moccasin (D:6)
  An orc warrior (D:6)
  2 ogres (D:5)
  A bullfrog (D:6)
  A scorpion (D:4)
  5 wights (D:3)
  A howler monkey (D:5)
  A crimson imp (D:6)
  3 hounds
  Ijyb (D:3)
  2 orc wizards (D:5)
  2 worker ants
  A hound skeleton (D:5)
  6 gnolls
  10 adders
  A shadow imp (D:5)
  2 oozes
  An adder skeleton (D:4)
  2 worms
  3 dart slugs (D:1)
  2 leopard geckos
  15 orcs
  7 bats
  4 giant cockroaches
  5 goblins
  3 hobgoblins
  2 quokkas
  2 frilled lizards
  A jackal zombie (D:5)
  4 kobolds
  11 rats
105 creatures vanquished.

Notes
Turn   | Place    | Note
-------+----------+-------------------------------------------
     0 | D:1      | wazuzu the Ogre Berserker began the quest for the Orb.
     0 | D:1      | Reached XP level 1. HP: 24/24 MP: 1/1
   174 | D:1      | Reached XP level 2. HP: 20/32 MP: 2/2
  1018 | D:2      | Reached XP level 3. HP: 40/40 MP: 3/3
  1023 | D:2      | Found a glowing silver altar of Zin.
  1130 | D:2      | Reached ** piety under Trog
  1887 | D:2      | Reached XP level 4. HP: 38/49 MP: 4/4
  2400 | D:3      | Found a hide-covered altar of Uskayaw.
  2467 | D:3      | Reached skill level 5 in Fighting
  2499 | D:3      | Reached XP level 5. HP: 51/59 MP: 5/5
  2776 | D:3      | Reached skill level 5 in Maces & Flails
  2776 | D:3      | Reached XP level 6. HP: 67/67 MP: 6/6
  2897 | D:3      | Noticed Sigmund
  3056 | D:3      | Killed Sigmund
  3056 | D:3      | Reached XP level 7. HP: 75/75 MP: 7/7
  3580 | D:3      | Noticed Ijyb
  3591 | D:3      | Killed Ijyb
  4689 | D:5      | Entered Level 5 of the Dungeon
  4934 | D:5      | Reached XP level 8. HP: 63/83 MP: 8/8
  5182 | D:5      | Reached *** piety under Trog
  5574 | D:5      | Identified the +11 broad axe of Ubret {chop, Stlth+}
  5774 | D:6      | Found a stormy altar of Qazlal.
  5774 | D:6      | Found a white marble altar of Elyvilon.
  5776 | D:6      | Found a basalt altar of Yredelemnul.
  5834 | D:6      | Noticed Eustachio
  5847 | D:6      | Killed Eustachio
  5984 | D:6      | Slain by a wyvern skeleton

Vault maps used:
D:1:      nicolae_arrival_somewhat_less_tricky_arrival
D:2:      zin_statuary, first_ration
D:3:      lemuel_crystal_altar, uniq_sigmund, uniq_ijyb
D:6:      gammafunk_temple_overflow_forgotten, uniq_pikel, uniq_eustachio

Skill      XL: |  1  2  3  4  5  6  7  8 |
---------------+-------------------------+-----
Maces & Flails | 3 4 5 6 8 |  8.9
Fighting       | 5 6 8 |  8.2
Dodging        | |  2.6

Action                   |  1- 3 |  4- 6 |  7- 9 || total
-------------------------+-------+-------+-------++-------
Melee: Mace              |    79 |    68 |    90 ||   237
       Unarmed           |       |       |    10 ||    10
       Giant club        |       |       |    88 ||    88
 Fire: Hunting sling     |     5 |       |       ||     5
Invok: Berserk           |       |     4 |     7 ||    11
       Trog's Hand       |       |     2 |       ||     2
  Use: Potion            |       |     1 |       ||     1
       Scroll            |       |       |    15 ||    15
 Stab: Distracted        |       |       |     1 ||     1
  Eat: Chunk             |     2 |     5 |    12 ||    19
       Ration            |       |     2 |       ||     2
Armor: Animal skin       |    29 |    24 |    33 ||    86
Dodge: Dodged            |    46 |    39 |    95 ||   180

Table legend:
 A = Non-vault XP
 B = Vault XP
 C = Vault XP percentage of total XP
 D = Non-vault monster count
 E = Vault monster count
 F = Vault count percentage of total count
                 A         B        C        D         E       F
            +---------+---------+-------+---------+---------+-------
      Total |    1737 |     445 |  20.4 |     102 |       3 |   2.9
            +---------+---------+-------+---------+---------+-------
        D:1 |      28 |       0 |   0.0 |      14 |       0 |   0.0
        D:2 |      70 |       0 |   0.0 |      18 |       0 |   0.0
        D:3 |     355 |     248 |  41.1 |      23 |       2 |   8.0
        D:4 |     267 |       0 |   0.0 |      15 |       0 |   0.0
        D:5 |     549 |       0 |   0.0 |      25 |       0 |   0.0
        D:6 |     468 |     197 |  29.6 |       7 |       1 |  12.5
            +---------+---------+-------+---------+---------+-------
